 Dungeon Crawl Stone Soup version 0.31.0-32-g396128a36d (webtiles) character file.

Game seed: 3515591337090805742

86 Alphaeus the Ruffian (level 4, 0/41 HPs)
             Began as a Troll Shapeshifter on Mar 18, 2024.
             Constricted to death by Ijyb (5 damage)
             ... on level 3 of the Dungeon.
             The game lasted 00:01:05 (1462 turns).

Alphaeus the Ruffian (Troll Shapeshifter)           Turns: 1462, Time: 00:01:06

Health: 0/41       AC:  4    Str: 24    XL:     4   Next: 26%
Magic:  3/3        EV:  6    Int:  6    God:
Gold:   92         SH:  0    Dex:  9    Spells: 3/3 levels left

rFire   . .          .
                       - Unarmed
rCold   . . .        (no shield)
rNeg    . . .        a - +0 animal skin
rPois   .            (helmet currently unavailable)
rElec   .            (cloak currently unavailable)
rCorr   .            (gloves unavailable)
SInv    .            (boots unavailable)
Will    .....        (no amulet)
Stlth   +            (no ring)
HPRegen 1.06/turn    (no ring)
MPRegen 0.08/turn

%: no passive effects
@: beast-form, grasped by roots, constricted
A: beast (slay +2), large, unfitting armour, claws 3, regeneration 1, shaggy fur
1, tough skin 1
a: Begin Untransformation


You were on level 3 of the Dungeon.
You were a hulking beast.
You visited 1 branch of the dungeon, and saw 3 of its levels.

You collected 92 gold pieces.

Inventory:

Armour
 a - a +0 animal skin (worn)
 h - a +0 tower shield
 i - a +2 cloak
Talismans
 c - a beast talisman
 d - a flux talisman
Scrolls
 f - a scroll of poison {unknown}
 g - 2 scrolls of vulnerability {unknown}
 j - a scroll of acquirement {unknown}
 l - a scroll of amnesia {unknown}
 m - a scroll of revelation {unknown}
 n - 2 scrolls of identify {unknown}
Potions
 b - 2 potions of lignification
 e - a potion of heal wounds {unknown}
 k - 2 potions of curing {unknown}
 o - a potion of enlightenment {unknown}
 p - a potion of haste {unknown}


   Skills:
 + Level 1.6 Fighting
 - Level 1.5 Dodging
 * Level 4.0 Unarmed Combat
 * Level 3.8 Shapeshifting


You had 3 spell levels left.
You didn't know any spells.
Your spell library was empty.

Dungeon Overview and Level Annotations

Branches:
Dungeon (3/15)

Altars:
Uskayaw

Shops:
D:1 (   D:2 :

Annotations:
D:3 Ijyb


Innate Abilities, Weirdness & Mutations

You are a hulking beast.
Your limbs bulge with bestial killing power. (Slay +2)
You are too large for most types of armour.
You have claws for hands.
Your natural rate of healing is unusually fast.
You are covered in fur. (AC +1)
You have tough skin. (AC +1)


Message History

You have reached level 4!
You are too injured to fight recklessly!
You are too injured to fight recklessly!
You are too injured to fight recklessly!
You are too injured to fight recklessly!
You are too injured to fight recklessly!
You are too injured to fight recklessly!
You are too injured to fight recklessly!
You are too injured to fight recklessly!
You are too injured to fight recklessly!
You are too injured to fight recklessly!
You are too injured to fight recklessly!
You are too injured to fight recklessly!
You are too injured to fight recklessly!
You are too injured to fight recklessly!
You are too injured to fight recklessly!
You claw Ijyb!
Ijyb is heavily wounded.
The bat closely misses you. The bat completely misses you.
The hobgoblin hits you but does no damage.
Ijyb zaps a wand.
The roots erupt in riotous growth!
The grasping roots grab you!
The hobgoblin is unaffected.
The bat is unaffected.
Ijyb is unaffected.
The frilled lizard is unaffected.
The grasping roots constrict you.
* * * LOW HITPOINT WARNING * * *
The frilled lizard bites you.
* * * LOW HITPOINT WARNING * * *
You claw Ijyb!
Ijyb is almost dead.
The bat hits you but does no damage. The hobgoblin hits you.
* * * LOW HITPOINT WARNING * * *
Ijyb barely misses you. The grasping roots constrict you.
* * * LOW HITPOINT WARNING * * *
The frilled lizard barely misses you.
You scratch Ijyb.
Ijyb is almost dead.
The bat hits you but does no damage. The hobgoblin hits you.
* * * LOW HITPOINT WARNING * * *
Ijyb barely misses you. The grasping roots constrict you.
You die...

#...# #########...#
#...........#
##.########### #..# ..##
#####################.#.#
.................g)......


..PPPP..PPPP.._.hg..P..PP ................bl....... #################........
#........ #.$...... #........ #........ ....... You could see Ijyb, a hobgoblin,
a bat and a frilled lizard.

Vanquished Creatures
  An orc priest (D:3)
  An adder (D:2)
  2 dart slugs
  3 orcs (D:3)
  4 bats
  3 endoplasms (D:1)
  2 giant cockroaches (D:2)
  4 hobgoblins (D:1)
  2 jackals (D:1)
  4 ball pythons
  4 frilled lizards
  4 goblins
  4 kobolds (D:1)
  2 rats (D:1)
40 creatures vanquished.

Notes
Turn   | Place    | Note
-------+----------+-------------------------------------------
     0 | D:1      | Alphaeus the Troll Shapeshifter began the quest for the
                  | Orb.
     0 | D:1      | Reached XP level 1. HP: 18/18 MP: 0/0
    90 | D:1      | Found Lyumis's Weapon Shop.
   116 | D:1      | Reached skill level 1 in Fighting
   118 | D:1      | Reached XP level 2. HP: 27/27 MP: 1/1
   318 | D:1      | Reached XP level 3. HP: 31/33 MP: 2/2
   727 | D:2      | Found Atoijy's Book Emporium.
  1435 | D:3      | Found a hide-covered altar of Uskayaw.
  1444 | D:3      | Noticed Ijyb
  1460 | D:3      | Reached skill level 4 in Unarmed Combat
  1460 | D:3      | Reached XP level 4. HP: 13/41 MP: 3/3
  1462 | D:3      | Constricted to death by Ijyb

Illustrated notes

Levels and vault maps discovered:
D:1:      minmay_arrival_arboretum_small, layout_loops_ring, serial_shops, shop,
          roderic_roman_lattice, minmay_tetromino_s4
D:2:      layout_basic, serial_shops, shop
D:3:      layout_basic, mainiacjoe_overflow_boulevard,
          minmay_goblin_kobold_house, uniq_ijyb

Skill      XL: |  1  2  3 |
---------------+----------+-----
Fighting       | 1 |  1.6
Unarmed Combat | 4 |  4.0
Dodging        | |  1.5
Shapeshifting  | |  3.8

Action                     |  1- 3 |  4- 6 || total
---------------------------+-------+-------++-------
  Melee: Unarmed           |    90 |     3 ||    93
         Punch             |     1 |       ||     1
   Stab: Sleeping          |     1 |       ||     1
 Armour: Animal skin       |    64 |     6 ||    70
  Dodge: Dodged            |    55 |     5 ||    60
